[Event "December 19 Early 2023"]
[Site "https://www.chess.com"]
[Date "2023.12.19"]
[Round "9"]
[White "Yeritsyan, Hayk"]
[Black "Farahat, Ali"]
[Result "1-0"]
[Board "52"]
[TimeControl "180+1"]
[WhiteFideId "13307320"]
[BlackFideId "10600507"]
[WhiteElo "2130"]
[BlackElo "2254"]
[WhiteTeam "ARM"]
[BlackTeam "USA"]
[WhiteClock "0:00:07"]
[BlackClock "0:00:00"]

1. d4 d5 2. Nf3 Nf6 3. Bf4 c5 4. e3 Nc6 5. Nbd2 g6 6. h3 Bg7 7. c3 O-O 8. Be2 b6 9. O-O Bb7 10. a4 Ne4 11. Nxe4 dxe4 12. Nd2 cxd4 13. cxd4 e5 14. dxe5 Nxe5 15. Nc4 Nd3 16. Bxd3 Qxd3 17. Qxd3 exd3 18. Rfd1 Ba6 19. Ne5 Rfd8 20. b4 Rd5 21. Nc6 Re8 22. Ra3 d2 23. b5 Bc8 24. Ra2 g5 25. Bg3 Bc3 26. Rc2 Rd3 27. Rxc3 Rxc3 28. Rxd2 a6 29. Bd6 axb5 30. axb5 h6 31. h4 gxh4 32. Rd4 Kh7 33. Rxh4 Bd7 34. Ne5 Re6 35. Bb8 Bxb5 36. Nxf7 Bd3 37. Bf4 Rc1+ 38. Kh2 Kg6 39. Ne5+ Rxe5 40. Bxe5 h5 41. Rd4 Bc4 42. Rd6+ Kf5 43. Bb2 Rc2 44. Rxb6 Rxf2 45. Rf6+ 1-0

[Event "December 19 Early 2023"]
[Site "https://www.chess.com"]
[Date "2023.12.19"]
[Round "9"]
[White "Thorfinnsson, Bjorn"]
[Black "Andreev, Konstantin"]
[Result "1-0"]
[Board "53"]
[TimeControl "180+1"]
[WhiteFideId "2300982"]
[BlackFideId "24239305"]
[WhiteElo "2394"]
[BlackElo "2093"]
[WhiteTeam "ISL"]
[BlackTeam "ITA"]
[WhiteClock "0:01:53"]
[BlackClock "0:01:46"]

1. d4 Nf6 2. Nf3 d5 3. Bg5 Ne4 4. e3 Nxg5 5. Nxg5 Bf5 6. f4 f6 7. Nf3 e6 8. Bd3 Bxd3 9. Qxd3 c5 10. c3 Nc6 11. Nbd2 Bd6 12. g4 O-O 13. g5 cxd4 14. cxd4 Rc8 15. a3 Qa5 16. O-O Kh8 17. gxf6 gxf6 18. Kh1 e5 19. dxe5 fxe5 20. Ng5 e4 21. Qe2 Be7 22. Nxh7 Kxh7 23. Qh5+ Kg7 24. Rg1+ 1-0

[Event "December 19 Early 2023"]
[Site "https://www.chess.com"]
[Date "2023.12.19"]
[Round "9"]
[White "Khumalo, Keith"]
[Black "Estrada Nieto, Julian"]
[Result "1-0"]
[Board "54"]
[TimeControl "180+1"]
[WhiteFideId "14319470"]
[BlackFideId "5101018"]
[WhiteElo "2093"]
[BlackElo "2161"]
[WhiteTeam "RSA"]
[BlackTeam "ESP"]
[WhiteClock "0:02:10"]
[BlackClock "0:00:56"]

1. d4 d5 2. Nc3 Nf6 3. Bf4 c6 4. e3 Bf5 5. Nf3 e6 6. Ne5 Nbd7 7. g4 Bg6 8. h4 h6 9. Nxg6 fxg6 10. Bd3 Kf7 11. Qf3 Qe8 12. g5 hxg5 13. hxg5 Rxh1+ 14. Qxh1 Nh5 15. O-O-O e5 16. dxe5 Nxe5 17. Be2 Nxf4 18. exf4 Nd7 19. Qh7 Bd6 20. f5 gxf5 21. Bh5+ Kf8 22. Qh8+ Ke7 23. Re1+ Ne5 24. Qxg7+ 1-0

[Event "December 19 Early 2023"]
[Site "https://www.chess.com"]
[Date "2023.12.19"]
[Round "9"]
[White "Kashefi, Amir Hosein"]
[Black "Aaditya Dhingra"]
[Result "1-0"]
[Board "55"]
[TimeControl "180+1"]
[WhiteFideId "12557935"]
[BlackFideId "25678191"]
[WhiteElo "2109"]
[BlackElo "2269"]
[WhiteTeam "IRI"]
[BlackTeam "IND"]
[WhiteClock "0:00:59"]
[BlackClock "0:00:52"]

1. d4 d5 2. c4 c6 3. Nc3 Nf6 4. cxd5 cxd5 5. Nf3 Nc6 6. Bf4 a6 7. e3 Bg4 8. Rc1 e6 9. Qb3 Bb4 10. Ne5 Qa5 11. a3 Bxc3+ 12. Qxc3 Qxc3+ 13. Rxc3 Nxe5 14. Bxe5 O-O 15. Bxf6 gxf6 16. Bd3 Rfc8 17. Kd2 Rxc3 18. bxc3 Rc8 19. a4 Bh5 20. Rb1 Rc7 21. f4 Bg6 22. f5 Bxf5 23. Bxf5 exf5 24. a5 Kf8 25. Rb6 Ke7 26. g3 h6 27. Kd3 h5 28. h4 Rd7 29. Rb1 Ke6 30. Rb2 Rc7 31. Rb4 Rd7 32. Rb6+ Ke7 33. Ke2 Rc7 34. Rb3 Kd6 35. Kf3 Ke6 36. Kf4 Rc6 37. Rxb7 Rxc3 38. Rb6+ Ke7 39. Rxa6 Rc1 40. Kf3 Rf1+ 41. Ke2 Rg1 42. Kf2 Ra1 43. Ra8 Ra2+ 44. Kf3 Ra1 45. a6 Ke6 46. a7 Ke7 47. Ke2 Ra3 48. Kd2 Ra1 49. Kc3 Ra6 50. Kb4 Ra1 51. Kb5 Ra2 52. Kc6 Ra5 53. Kb6 Ra1 54. Rb8 1-0

[Event "December 19 Early 2023"]
[Site "https://www.chess.com"]
[Date "2023.12.19"]
[Round "9"]
[White "Cattaneo, Marco"]
[Black "Rozman, Levy"]
[Result "0-1"]
[Board "56"]
[TimeControl "180+1"]
[WhiteFideId "878332"]
[BlackFideId "2039877"]
[WhiteElo "2186"]
[BlackElo "2376"]
[WhiteTeam "ITA"]
[BlackTeam "USA"]
[WhiteClock "0:00:00"]
[BlackClock "0:00:25"]

1. d4 g6 2. e4 Bg7 3. c4 Nc6 4. Nf3 d6 5. d5 Nb8 6. h3 e5 7. Nc3 a5 8. Bd3 Na6 9. g4 Nc5 10. Bc2 Bd7 11. Be3 b6 12. Qd2 Ne7 13. Ng1 f5 14. f3 O-O 15. Nge2 Kh8 16. Bg5 Qe8 17. O-O-O a4 18. Kb1 f4 19. h4 h6 20. Bxe7 Qxe7 21. h5 g5 22. Nc1 Rfb8 23. Nd3 Qd8 24. Nb4 b5 25. cxb5 Bxb5 26. Nxb5 Rxb5 27. Nc6 Qc8 28. Bd3 Rb6 29. Bc4 Bf6 30. Rh2 Qb7 31. Qc3 Kg7 32. Rdd2 Rc8 33. Kc1 Nd7 34. Kd1 Nb8 35. Nxb8 Qxb8 36. Rc2 c6 37. Qd3 Qa7 38. dxc6 Rbxc6 39. Rhg2 Qb6 40. Qd5 Qc7 41. b3 a3 42. Rgd2 Qa7 0-1

[Event "December 19 Early 2023"]
[Site "https://www.chess.com"]
[Date "2023.12.19"]
[Round "9"]
[White "Parfenov, Viktor N."]
[Black "Piesik, Piotr"]
[Result "0-1"]
[Board "57"]
[TimeControl "180+1"]
[WhiteFideId "4165969"]
[BlackFideId "1136194"]
[WhiteElo "2093"]
[BlackElo "2319"]
[WhiteTeam "RUS"]
[BlackTeam "CZE"]
[WhiteClock "0:00:00"]
[BlackClock "0:01:03"]

1. e4 g6 2. d4 Bg7 3. Nc3 c6 4. Nf3 d6 5. a4 Nf6 6. Be2 O-O 7. O-O Nbd7 8. e5 Ne8 9. Bf4 dxe5 10. dxe5 Nc7 11. Bg3 Nc5 12. Qc1 Bg4 13. Re1 Nd5 14. h3 Nxc3 15. bxc3 Bxf3 16. Bxf3 Qa5 17. Qa3 Rfd8 18. Qb4 Qxb4 19. cxb4 Ne6 20. c3 Rd3 21. Rac1 Rad8 22. b5 cxb5 23. axb5 b6 24. Be4 Rd2 25. Ra1 R8d7 26. Bc6 Rc7 27. Rad1 Rc2 28. Re3 Bh6 29. Red3 a6 30. bxa6 Rxc6 31. Rd8+ Nxd8 32. Rxd8+ Kg7 33. a7 Ra2 34. a8=Q Rxa8 35. Rxa8 e6 36. Rb8 Bd2 37. c4 g5 38. h4 h6 39. hxg5 hxg5 40. f3 Bc3 41. Bf2 Bxe5 42. Rxb6 Rxc4 43. Rb1 Rc2 44. Be3 Kg6 45. Rd1 f5 46. Rb1 f4 47. Bf2 Kf6 48. Rb6 Rc1+ 49. Kh2 Kf5 50. Rb7 g4 51. fxg4+ Kxg4 52. Rf7 f3+ 53. g3 Rf1 0-1

[Event "December 19 Early 2023"]
[Site "https://www.chess.com"]
[Date "2023.12.19"]
[Round "9"]
[White "Gubajdullin, Alexei"]
[Black "Bazilius, Augustinas"]
[Result "1-0"]
[Board "58"]
[TimeControl "180+1"]
[WhiteFideId "4141202"]
[BlackFideId "12832251"]
[WhiteElo "2274"]
[BlackElo "2082"]
[WhiteTeam "RUS"]
[BlackTeam "LTU"]
[WhiteClock "0:02:27"]
[BlackClock "0:01:29"]

1. e4 c5 2. Nf3 d6 3. Nc3 Nf6 4. g3 g6 5. Bg2 Bg7 6. O-O O-O 7. d4 cxd4 8. Nxd4 Nc6 9. Nde2 Qa5 10. h3 Be6 11. Nf4 Bc4 12. Re1 Rfd8 13. Bd2 Qb6 14. b3 Ba6 15. Ncd5 Nxd5 16. Nxd5 Qc5 17. c3 Rac8 18. a4 e6 19. Be3 1-0

[Event "December 19 Early 2023"]
[Site "https://www.chess.com"]
[Date "2023.12.19"]
[Round "9"]
[White "Fromm, Marius"]
[Black "Kanyamarala, Trisha"]
[Result "0-1"]
[Board "59"]
[TimeControl "180+1"]
[WhiteFideId "12993190"]
[BlackFideId "45004722"]
[WhiteElo "2335"]
[BlackElo "2078"]
[WhiteTeam "GER"]
[BlackTeam "IRL"]
[WhiteClock "0:00:00"]
[BlackClock "0:00:07"]

1. e4 c5 2. Nf3 d6 3. d4 cxd4 4. Nxd4 Nf6 5. Nc3 Nc6 6. f3 e5 7. Nb3 Be7 8. Be3 a6 9. Qd2 Be6 10. O-O-O O-O 11. g4 b5 12. h4 b4 13. Nd5 Bxd5 14. exd5 Na5 15. Qxb4 Nxb3+ 16. axb3 a5 17. Qa3 Nd7 18. Bb5 Nb6 19. Bc6 Ra6 20. g5 a4 21. b4 Nc4 22. Qd3 Nxe3 23. Qxa6 Nxd1 24. Rxd1 f6 25. gxf6 Rxf6 26. Bxa4 Rxf3 27. b5 Qb8 28. b6 Bd8 29. b7 Rf7 30. Bc6 e4 31. Qa8 Bc7 32. Qa4 e3 33. Re1 Re7 34. Qf4 Qa7 35. Kb1 e2 36. Qf3 Qa6 37. b3 h6 38. c4 Qb6 39. Kc2 Re3 0-1

[Event "December 19 Early 2023"]
[Site "https://www.chess.com"]
[Date "2023.12.19"]
[Round "9"]
[White "Skliarov, Viktor"]
[Black "Gutierrez Olivares, Daniel"]
[Result "1-0"]
[Board "60"]
[TimeControl "180+1"]
[WhiteFideId "14106736"]
[BlackFideId "2264005"]
[WhiteElo "2301"]
[BlackElo "2317"]
[WhiteTeam "UKR"]
[BlackTeam "ESP"]
[WhiteClock "0:00:29"]
[BlackClock "0:01:08"]

1. e4 e6 2. d4 d5 3. e5 c5 4. c3 Nc6 5. Nf3 Bd7 6. a3 c4 7. Nbd2 Qc7 8. g3 Na5 9. h4 Ne7 10. Bh3 Nc8 11. O-O Nb6 12. Qe2 O-O-O 13. h5 Kb8 14. Ng5 Ba4 15. f4 h6 16. Ngf3 Be7 17. f5 Qc6 18. fxe6 fxe6 19. Ne1 Bg5 20. Ndf3 Bxc1 21. Rxc1 Nb3 22. Rb1 Rdf8 23. Ng2 Qe8 24. Nfh4 Rxf1+ 25. Rxf1 Bd7 26. Ng6 Rg8 27. N2f4 Na8 28. Kh2 Nc7 29. Rf2 Nc1 30. Qd1 Nb3 31. Qf1 Qc8 32. Ne7 1-0

[Event "December 19 Early 2023"]
[Site "https://www.chess.com"]
[Date "2023.12.19"]
[Round "9"]
[White "Sevostianov, Vladimir"]
[Black "Iskusnyh, Sergei"]
[Result "1-0"]
[Board "61"]
[TimeControl "180+1"]
[WhiteFideId "4144163"]
[BlackFideId "4120027"]
[WhiteElo "2150"]
[BlackElo "2455"]
[WhiteTeam "RUS"]
[BlackTeam "RUS"]
[WhiteClock "0:00:40"]
[BlackClock "0:00:04"]

1. d4 d5 2. c4 c6 3. Nf3 Nf6 4. cxd5 cxd5 5. Nc3 Nc6 6. Bf4 a6 7. e3 Bg4 8. Be2 e6 9. O-O Be7 10. a3 O-O 11. Rc1 Bxf3 12. Bxf3 Nd7 13. e4 dxe4 14. Nxe4 Nf6 15. Nxf6+ Bxf6 16. Bxc6 bxc6 17. Rxc6 Bxd4 18. b4 Qf6 19. Bg3 Rfd8 20. Qa4 h5 21. h4 Qg6 22. Kh2 Qd3 23. Rd1 Qe2 24. Qc2 Qg4 25. f3 Qf5 26. Qxf5 exf5 27. a4 Kh7 28. Rd6 Rxd6 29. Bxd6 Be3 30. Rd3 f4 31. Bc5 Re8 32. g3 f6 33. Kg2 Kg6 34. Bxe3 fxe3 35. Kf1 e2+ 36. Ke1 Kf5 37. Rd2 Rb8 38. Rb2 g5 39. hxg5 fxg5 40. Kxe2 h4 41. Kf2 h3 42. b5 g4 43. fxg4+ Kxg4 44. Rb4+ Kg5 45. Kg1 a5 46. Rc4 Rd8 47. Kh2 Rd1 48. Kxh3 Ra1 49. b6 Rb1 50. Rc5+ Kg6 51. Rb5 Rh1+ 52. Kg4 Rh8 53. b7 Rb8 54. Kf4 Kf6 55. g4 Ke6 56. g5 Kd7 57. g6 Kc7 58. Kf5 Rf8+ 59. Kg5 Kb8 60. g7 1-0

[Event "December 19 Early 2023"]
[Site "https://www.chess.com"]
[Date "2023.12.19"]
[Round "9"]
[White "Deac, Bogdan-Daniel"]
[Black "Nanu, Costica-Ciprian"]
[Result "1-0"]
[Board "62"]
[TimeControl "180+1"]
[WhiteFideId "1226380"]
[BlackFideId "1204580"]
[WhiteElo "2641"]
[BlackElo "2485"]
[WhiteTeam "ROU"]
[BlackTeam "ROU"]
[WhiteClock "0:00:07"]
[BlackClock "0:00:00"]

1. e4 c5 2. Nf3 d6 3. Bb5+ Nd7 4. d4 cxd4 5. Qxd4 a6 6. Be2 Ngf6 7. O-O e5 8. Qe3 h6 9. Rd1 Be7 10. c4 O-O 11. Nc3 b6 12. b3 Bb7 13. Ba3 Qc7 14. Rac1 Rac8 15. Nh4 Nc5 16. Nf5 Ncxe4 17. Nxe4 Nxe4 18. Nxe7+ Qxe7 19. Qxb6 Rfd8 20. Bg4 Rc7 21. Bf3 Nc5 22. Bd5 Bxd5 23. Rxd5 Rb7 24. Qa5 Ne6 25. Rxe5 Qf6 26. Rf5 Qg6 27. Re1 Kh7 28. Bb2 Re8 29. h3 Rbe7 30. g4 Nc5 31. Rxe7 Rxe7 32. Qc3 Ne4 33. Qe3 Qe6 34. Kg2 Qd7 35. Qd4 f6 36. Qd5 Qc7 37. Bd4 Ng5 38. Be3 Ne6 39. h4 Re8 40. g5 hxg5 41. hxg5 fxg5 42. Bxg5 Nxg5 43. Rxg5 Qe7 44. Qf5+ Kg8 45. Qd5+ Qe6 46. Qxe6+ Rxe6 47. Ra5 Rg6+ 48. Kf1 d5 49. Rxd5 1-0

[Event "December 19 Early 2023"]
[Site "https://www.chess.com"]
[Date "2023.12.19"]
[Round "9"]
[White "Halkias, Stelios"]
[Black "Tulchynskyi, Feliks"]
[Result "1-0"]
[Board "63"]
[TimeControl "180+1"]
[WhiteFideId "4201809"]
[BlackFideId "34127895"]
[WhiteElo "2462"]
[BlackElo "2131"]
[WhiteTeam "GRE"]
[BlackTeam "UKR"]
[WhiteClock "0:00:11"]
[BlackClock "0:00:00"]

1. e4 c5 2. Nc3 e6 3. Nf3 Ne7 4. d4 cxd4 5. Nxd4 a6 6. Be3 Nbc6 7. Be2 Nxd4 8. Qxd4 Nc6 9. Qd2 Be7 10. O-O-O O-O 11. f4 d6 12. g4 b5 13. Bf3 b4 14. Ne2 Bb7 15. Kb1 a5 16. g5 a4 17. h4 Qa5 18. Nc1 b3 19. cxb3 axb3 20. Qxa5 Nxa5 21. Nxb3 Nxb3 22. axb3 Rfb8 23. Rc1 Ba6 24. Rc3 Bd8 25. Bd1 Ba5 26. Rc6 Bb7 27. Rc4 d5 28. Ra4 Bc6 29. exd5 Bxa4 30. bxa4 exd5 31. Bc2 Bc3 32. Bc1 Ra7 33. Ka2 Bb4 34. Rd1 Rd8 35. Be3 Rad7 36. Bd4 g6 37. f5 Rc8 38. Kb1 Bc5 39. Bf6 d4 40. h5 gxh5 41. Bd3 Be7 42. Bb5 Rdc7 43. Rxd4 Bxf6 44. gxf6 Rc5 45. Ka2 Rb8 46. Rf4 h4 47. b4 Re5 48. Kb3 h3 49. Rh4 Rxf5 50. Rxh3 Rxf6 51. Rc3 h5 52. Bd7 h4 53. Bh3 Rg6 54. a5 Rg3 55. a6 Ra8 56. Bf1 Rxc3+ 57. Kxc3 h3 58. b5 h2 59. Bg2 Ra7 60. Kb4 Rd7 61. b6 Rd2 62. a7 Rb2+ 63. Kc5 Ra2 64. b7 Rxg2 65. b8=Q+ Kg7 66. Qe5+ Kg6 67. Qe4+ Kf6 68. Qxg2 1-0

[Event "December 19 Early 2023"]
[Site "https://www.chess.com"]
[Date "2023.12.19"]
[Round "9"]
[White "Krysa, Leandro"]
[Black "Tifferet, Shakked"]
[Result "1-0"]
[Board "64"]
[TimeControl "180+1"]
[WhiteFideId "116807"]
[BlackFideId "2811529"]
[WhiteElo "2495"]
[BlackElo "2142"]
[WhiteTeam "ARG"]
[BlackTeam "ISR"]
[WhiteClock "0:00:51"]
[BlackClock "0:00:03"]

1. e4 c5 2. Nf3 e6 3. d4 cxd4 4. Nxd4 Nc6 5. Nc3 a6 6. Nxc6 bxc6 7. Bd3 d5 8. O-O Bd6 9. Qe2 Ne7 10. b3 Be5 11. Bb2 Ng6 12. exd5 cxd5 13. Bxg6 Bxh2+ 14. Kxh2 hxg6+ 15. Kg1 Qh4 16. f4 d4 17. Ne4 Bb7 18. Nd6+ Ke7 19. Nxb7 Qh2+ 20. Kf2 Rh3 21. Ba3+ Kd7 22. Nc5+ Kc7 23. Qe4 Qg3+ 24. Ke2 Qg4+ 25. Kd2 Re3 26. Qb7+ Kd6 27. Qd7# 1-0

[Event "December 19 Early 2023"]
[Site "https://www.chess.com"]
[Date "2023.12.19"]
[Round "9"]
[White "Dinu, Dumitru-Daniel"]
[Black "Koellner, Ruben Gideon"]
[Result "0-1"]
[Board "65"]
[TimeControl "180+1"]
[WhiteFideId "1208403"]
[BlackFideId "12993093"]
[WhiteElo "2240"]
[BlackElo "2347"]
[WhiteTeam "ROU"]
[BlackTeam "GER"]
[WhiteClock "0:00:05"]
[BlackClock "0:00:38"]

1. e4 d6 2. d4 Nf6 3. Nc3 e5 4. Nf3 Nbd7 5. Bc4 Be7 6. O-O c6 7. a4 h6 8. Qe2 Qc7 9. h3 Nf8 10. Rd1 g5 11. Be3 Ng6 12. dxe5 dxe5 13. Nh2 Nf4 14. Qd2 Kf8 15. f3 Rg8 16. Ne2 h5 17. h4 Nxe2+ 18. Bxe2 gxh4 19. Bh6+ Ke8 20. Bg5 Nxe4 21. fxe4 Bxg5 22. Qd3 Bf4 23. Bxh5 Rg3 24. Qc4 h3 25. Bf3 hxg2 26. Bxg2 Bh3 27. Qe2 Rxg2+ 28. Qxg2 Bxg2 29. Kxg2 Ke7 30. Nf3 Rg8+ 31. Kf1 Qb6 32. b3 Qe3 0-1

[Event "December 19 Early 2023"]
[Site "https://www.chess.com"]
[Date "2023.12.19"]
[Round "9"]
[White "Khamdamova, Afruza"]
[Black "Hua, Lefong"]
[Result "1-0"]
[Board "66"]
[TimeControl "180+1"]
[WhiteFideId "14210444"]
[BlackFideId "2602253"]
[WhiteElo "2295"]
[BlackElo "2683"]
[WhiteTeam "UZB"]
[BlackTeam "CAN"]
[WhiteClock "0:00:23"]
[BlackClock "0:00:24"]

1. e4 c5 2. Nf3 g6 3. d4 cxd4 4. Nxd4 Bg7 5. Nc3 Nc6 6. Be3 Nf6 7. Bc4 Qa5 8. O-O O-O 9. h3 d6 10. Bb3 Bd7 11. Re1 Rac8 12. Nf3 Ne5 13. Nxe5 dxe5 14. Qd2 Rfd8 15. f3 Bc6 16. Qf2 b6 17. Rad1 Qa6 18. Rd2 Qb7 19. Red1 Qc7 20. Bg5 h6 21. Be3 Nh5 22. Nd5 Bxd5 23. Rxd5 Nf4 24. Rxd8+ Rxd8 25. Rxd8+ Qxd8 26. Qd2 Qxd2 27. Bxd2 Ne2+ 28. Kf2 Nd4 29. c3 Nxb3 30. axb3 Kf8 31. Ke3 Ke8 32. Kd3 Kd7 33. c4 e6 34. Kc3 f5 35. b4 h5 36. b5 Bf8 37. b4 Be7 38. Be3 Kc7 39. c5 Bh4 40. Kc4 Be1 41. Bg5 Bf2 42. Be7 Bg3 43. Bd6+ Kd7 44. Bb8 bxc5 45. bxc5 Kc8 46. Bxa7 Kb7 47. Bb6 Bf2 48. Ba5 Bg1 49. c6+ Kc8 50. b6 1-0

[Event "December 19 Early 2023"]
[Site "https://www.chess.com"]
[Date "2023.12.19"]
[Round "9"]
[White "Boor, Carl"]
[Black "Cristobal, Manuel"]
[Result "0-1"]
[Board "67"]
[TimeControl "180+1"]
[WhiteFideId "2017008"]
[BlackFideId "112879"]
[WhiteElo "2330"]
[BlackElo "2244"]
[WhiteTeam "USA"]
[BlackTeam "ARG"]
[WhiteClock "0:00:00"]
[BlackClock "0:01:29"]

1. d4 Nf6 2. Bg5 Ne4 3. Be3 d5 4. f3 Nd6 5. Bf2 Bf5 6. e3 e6 7. Ne2 Nd7 8. g4 Bg6 9. Nf4 c6 10. h4 e5 11. dxe5 Nxe5 12. h5 Nxf3+ 13. Qxf3 Be4 14. Qh3 Bxh1 15. Qxh1 Ne4 16. Nd2 Nxf2 17. Kxf2 Bd6 18. Bd3 Qb6 19. Qf3 O-O-O 20. Nb3 g6 21. c4 dxc4 22. Bxc4 Rhf8 23. g5 Bxf4 24. Qxf4 Qc7 25. Kf3 b5 26. Bf1 Rd5 27. Rc1 Qxf4+ 28. exf4 Kc7 29. Na5 Kb6 30. Nxc6 Rc8 31. Nb4 Rxc1 32. Nxd5+ Kc5 33. Ne3 Rb1 34. b3 Rb2 35. Bd3 Rxa2 36. f5 Ra6 37. f6 Rd6 38. Be4 a5 39. hxg6 hxg6 40. Ng4 a4 41. bxa4 bxa4 42. Ne5 a3 43. Nxf7 Rd1 44. Ne5 a2 45. f7 Rf1+ 46. Ke2 a1=Q 47. Nd3+ Kd4 0-1

[Event "December 19 Early 2023"]
[Site "https://www.chess.com"]
[Date "2023.12.19"]
[Round "9"]
[White "Ovetchkin, Roman"]
[Black "Karas, Marek"]
[Result "0-1"]
[Board "68"]
[TimeControl "180+1"]
[WhiteFideId "4119991"]
[BlackFideId "14928558"]
[WhiteElo "2381"]
[BlackElo "2218"]
[WhiteTeam "RUS"]
[BlackTeam "CZE"]
[WhiteClock "0:00:13"]
[BlackClock "0:00:03"]

1. d4 Nf6 2. c4 e6 3. g3 d5 4. Bg2 h6 5. Nf3 Bd6 6. O-O O-O 7. Nc3 Nc6 8. b3 dxc4 9. bxc4 e5 10. d5 Ne7 11. h3 Bf5 12. Nd2 Nd7 13. Nde4 Bxe4 14. Nxe4 f5 15. Nxd6 cxd6 16. Ba3 Qc7 17. Rc1 b6 18. e4 f4 19. h4 Nc5 20. Re1 Rf6 21. Rc3 Raf8 22. Rf3 fxg3 23. fxg3 Qd7 24. Rxf6 Rxf6 25. Rf1 Rxf1+ 26. Qxf1 Qg4 27. Qe1 Kh8 28. Kh2 Ng8 29. Bxc5 bxc5 30. Qf1 Nf6 31. Bf3 Qg6 32. Qe2 Qf7 33. Kg2 Qb7 34. g4 Ng8 35. g5 Qb1 36. Bg4 Qc1 37. gxh6 Nxh6 38. Be6 Qf4 39. Qf3 Qxf3+ 40. Kxf3 Kh7 41. h5 g6 42. hxg6+ Kxg6 43. Ke3 Kg5 44. Kf3 Kh5 45. Kg3 Kg5 46. Kf3 Kh5 47. Ke3 Kg5 48. Kd3 Ng4 49. Kc2 Nf6 50. Bf5 Kf4 51. Kb3 Nxe4 52. Bh7 Ng5 53. Bc2 e4 54. Ka4 Ke5 55. Kb5 e3 56. Bd1 Ne4 57. Kc6 Nc3 58. Bf3 Nxa2 0-1

[Event "December 19 Early 2023"]
[Site "https://www.chess.com"]
[Date "2023.12.19"]
[Round "9"]
[White "Puzzlebot_1294"]
[Black "Kurmangaliyeva, Liya"]
[Result "0-1"]
[Board "69"]
[TimeControl "180+1"]
[BlackFideId "13725831"]
[WhiteElo "2657"]
[BlackElo "2077"]
[BlackTeam "KAZ"]
[WhiteClock "0:00:00"]
[BlackClock "0:00:15"]

1. d4 d5 2. Nf3 Nf6 3. Bf4 c5 4. e3 Nc6 5. c3 Qb6 6. Qc2 g6 7. Nbd2 Bf5 8. dxc5 Qxc5 9. Qb3 Na5 10. Qd1 Qb6 11. b4 Nc6 12. b5 Na5 13. Be5 Bg7 14. Be2 O-O 15. O-O Rac8 16. Bd4 Qc7 17. Be5 Qd7 18. Qa4 b6 19. Rad1 Rfd8 20. Nb3 Nc4 21. Bxc4 Rxc4 22. Qa6 Bg4 23. Nbd2 Rc5 24. a4 Qf5 25. Qxa7 Qe6 26. Bd4 Rcc8 27. h3 Bxf3 28. Nxf3 Nd7 29. Bxg7 Kxg7 30. Nd4 Qd6 31. Nc6 Rc7 32. Qa6 Rdc8 33. Rd4 e5 34. Rd2 Qc5 35. a5 bxa5 36. Qxa5 Rxc6 37. Rfd1 Rd6 38. e4 d4 39. cxd4 exd4 40. Qa4 Nb6 41. Qa1 Qc3 42. Qb1 Rcd8 43. Rd3 Qc4 44. Qa1 Na4 45. e5 Rd5 46. Rf3 Nc3 47. Rdd3 R5d7 48. b6 Qb5 49. Qe1 Qxb6 50. Kh2 Qe6 51. Rg3 Rd5 52. f4 Qf5 53. Qf2 Ne4 54. Qf3 Nc5 55. Rd1 d3 56. Rg4 Qe4 57. Qg3 Qf5 58. Rg5 Qe6 59. Rg4 Ne4 60. Qf3 Nc3 61. Rd2 Rd4 62. f5 Qxe5+ 63. Rg3 Rf4 64. Qe3 Qxe3 65. Rxe3 Rfd4 66. fxg6 hxg6 67. Rg3 Ne4 68. Rd1 Nxg3 69. Kxg3 d2 70. Kf2 Rd3 71. Ke2 R8d7 72. g3 f5 73. g4 Kf6 74. gxf5 Kxf5 75. Rf1+ Kg5 76. Kd1 Kh4 77. Rf4+ Kxh3 78. Rf1 Rg3 0-1

[Event "December 19 Early 2023"]
[Site "https://www.chess.com"]
[Date "2023.12.19"]
[Round "9"]
[White "Espinoza Villanueva, Rodrigo"]
[Black "Ljukin, Sergei"]
[Result "0-1"]
[Board "70"]
[TimeControl "180+1"]
[WhiteFideId "5140188"]
[BlackFideId "14102200"]
[WhiteElo "1907"]
[BlackElo "2319"]
[WhiteTeam "MEX"]
[BlackTeam "UKR"]
[WhiteClock "0:00:02"]
[BlackClock "0:00:09"]

1. Nf3 d5 2. g3 Nc6 3. Bg2 e5 4. d3 Bg4 5. O-O Qd7 6. c4 dxc4 7. dxc4 O-O-O 8. Qa4 Kb8 9. Be3 Nd4 10. Qxd7 Nxf3+ 11. Bxf3 Bxd7 12. Nc3 Nf6 13. Bg5 Be7 14. Rfd1 Be6 15. b3 Bb4 16. Bxf6 gxf6 17. Nd5 Bxd5 18. Bxd5 Rd7 19. Be4 Rd4 20. Bf5 h6 21. Rxd4 exd4 22. Rd1 c5 23. Kg2 Re8 24. Kf3 Kc7 25. g4 Kd6 26. Rg1 a6 27. Rg3 b5 28. Bd3 Kc6 29. Rh3 Bd2 30. Rh5 Re5 31. Rh3 b4 32. Bf5 a5 33. Be4+ Kb6 34. e3 Re6 35. Rxh6 Rd6 36. g5 dxe3 37. fxe3 Bc3 38. h4 Rd1 39. Rh7 fxg5 40. hxg5 a4 41. Kg4 a3 42. Rh6+ Ka7 43. Rh2 Bb2 44. Kf5 Ra1 45. Rh7 Rxa2 46. Rxf7+ Kb6 47. g6 Ra1 48. g7 Rg1 49. Rb7+ Ka6 50. Rc7 Bxg7 51. Rxc5 a2 52. Rc6+ Ka5 53. Rc5+ Kb6 54. Rc6+ Ka7 55. Rc7+ Kb8 56. Rb7+ Kc8 57. Ra7 a1=Q 58. Rxa1 Bxa1 59. Ke6 Kc7 60. Kd5 Bc3 61. c5 Rg5+ 62. Kc4 Bd2 63. Bd3 Bxe3 64. Kxb4 Bxc5+ 65. Kc4 Bd6 66. b4 Rg4+ 0-1

[Event "December 19 Early 2023"]
[Site "https://www.chess.com"]
[Date "2023.12.19"]
[Round "9"]
[White "Mazurkiewicz, Michal"]
[Black "Gontcharov, Vladislav"]
[Result "0-1"]
[Board "71"]
[TimeControl "180+1"]
[WhiteFideId "1124943"]
[BlackFideId "4123492"]
[WhiteElo "2103"]
[BlackElo "2420"]
[WhiteTeam "POL"]
[BlackTeam "RUS"]
[WhiteClock "0:00:01"]
[BlackClock "0:01:01"]

1. e4 e6 2. d3 c5 3. Nf3 Nc6 4. g3 g6 5. Bg2 Bg7 6. O-O Nge7 7. Re1 d6 8. c3 e5 9. a3 O-O 10. b4 b6 11. Bb2 h6 12. Nbd2 Be6 13. Nb3 Qc7 14. d4 exd4 15. cxd4 cxb4 16. axb4 Nxb4 17. Ba3 Nc2 18. Rc1 Bxb3 19. Qd3 Ba4 20. Re2 Rac8 21. Qa6 Qd7 22. e5 Bb5 23. Qxb5 Qxb5 24. Rexc2 Rxc2 25. Rxc2 Qb3 26. exd6 Qxa3 27. dxe7 Qxe7 28. Bf1 Qe4 0-1

[Event "December 19 Early 2023"]
[Site "https://www.chess.com"]
[Date "2023.12.19"]
[Round "9"]
[White "Manukyan, Sargis V."]
[Black "Karttunen, Mika"]
[Result "1-0"]
[Board "72"]
[TimeControl "180+1"]
[WhiteFideId "13303465"]
[BlackFideId "502081"]
[WhiteElo "2236"]
[BlackElo "2396"]
[WhiteTeam "ARM"]
[BlackTeam "FIN"]
[WhiteClock "0:00:08"]
[BlackClock "0:00:07"]

1. c4 e5 2. Nc3 Nc6 3. e3 Bb4 4. Nd5 Be7 5. Nf3 Nf6 6. Nxe7 Qxe7 7. d4 e4 8. Nd2 d5 9. cxd5 Nxd5 10. a3 O-O 11. Bc4 Rd8 12. O-O Rd6 13. Qc2 Bf5 14. Re1 Nb6 15. Ba2 Rh6 16. Nf1 Rd8 17. f4 Qh4 18. Qf2 Qh5 19. Bd2 Ne7 20. Rac1 Nbd5 21. Bb4 c6 22. Bxe7 Nxe7 23. Rc5 b6 24. Re5 Kf8 25. h3 Qg6 26. Ng3 Rd6 27. Kh2 f6 28. Nxf5 Nxf5 29. Re6 Rxe6 30. Bxe6 Nd6 31. f5 Qg5 32. Qg3 Qxg3+ 33. Kxg3 g6 34. Kf4 Ke7 35. Rc1 gxf5 36. Bxf5 Nxf5 37. Kxf5 Kd6 38. Kxe4 Rg6 39. Kf3 f5 40. g3 h5 41. Kf4 Kd5 42. b4 a6 43. a4 Kd6 44. a5 bxa5 45. bxa5 Re6 46. Rc5 Re4+ 47. Kf3 h4 48. g4 Re7 49. gxf5 Rg7 50. Kf4 Rg3 51. e4 Rxh3 52. e5+ Kd7 53. f6 Rh1 54. Rc3 h3 55. Kg5 h2 56. Rh3 Rg1+ 57. Kf5 h1=Q 58. e6+ Kd6 59. Rxh1 Rxh1 60. e7 Rf1+ 61. Kg6 Kd7 62. Kf7 Rf5 63. e8=Q+ 1-0

[Event "December 19 Early 2023"]
[Site "https://www.chess.com"]
[Date "2023.12.19"]
[Round "9"]
[White "Thorfinnsson, Bragi"]
[Black "Nilsson, Joakim"]
[Result "0-1"]
[Board "73"]
[TimeControl "180+1"]
[WhiteFideId "2300958"]
[BlackFideId "1723383"]
[WhiteElo "2325"]
[BlackElo "2143"]
[WhiteTeam "ISL"]
[BlackTeam "SWE"]
[WhiteClock "0:00:17"]
[BlackClock "0:01:24"]

1. e4 c5 2. Nc3 Nc6 3. f4 a6 4. Nf3 b5 5. d4 cxd4 6. Nxd4 Bb7 7. Nxc6 Bxc6 8. Bd3 e6 9. O-O Qc7 10. Kh1 h5 11. a4 b4 12. Ne2 Nf6 13. e5 Ng4 14. Ng1 Bc5 15. Qe2 g6 16. a5 Qa7 17. Nh3 Nh6 18. Be4 Qb7 19. Bxc6 Qxc6 20. Be3 Ng4 21. Bxc5 Qxc5 22. c3 bxc3 23. bxc3 O-O 24. Ng5 Qxc3 25. h3 Nh6 26. Ne4 Qc6 27. Rad1 Nf5 28. g4 Qxe4+ 29. Qg2 Qxg2+ 30. Kxg2 Ne3+ 0-1